 Dungeon Crawl Stone Soup version 0.31.0-12-g77e489cdc1 (webtiles) character file.

Game seed: 5276006757240549636

9 KennySheep the Chopper (level 2, 0/27 HPs)
             Began as a Hill Orc Monk on Mar 3, 2024.
             Slain by a jackal (1 damage)
             ... on level 2 of the Dungeon.
             The game lasted 00:00:45 (566 turns).

KennySheep the Chopper (Hill Orc Monk)               Turns: 566, Time: 00:00:46

Health: 0/27       AC:  2    Str: 13    XL:     2   Next: 12%
Magic:  2/2        EV: 12    Int: 10    God:
Gold:   36         SH:  0    Dex: 13    Spells: 1/1 levels left

rFire   . . .        a - +0 hand axe
rCold   . . .        d - orb {light}
rNeg    . . .        b - +0 robe
rPois   .            (no helmet)
rElec   .            (no cloak)
rCorr   .            (no gloves)
SInv    .            (no boots)
Will    .....        (no amulet)
Stlth   +            (no ring)
HPRegen 0.24/turn    (no ring)
MPRegen 0.08/turn

%: no passive effects
@: glowing
A: no striking features
a: no special abilities


You were on level 2 of the Dungeon.
You visited 1 branch of the dungeon, and saw 2 of its levels.

You collected 36 gold pieces.

Inventory:

Hand Weapons
 a - a +0 hand axe (weapon)
Armour
 b - a +0 robe (worn)
 d - an orb of light (worn)
Scrolls
 f - a scroll of amnesia {unknown}
 h - a scroll of revelation {unknown}
 i - 2 scrolls of identify {unknown}
 j - a scroll of brand weapon {unknown}
Potions
 c - a potion of ambrosia
 e - a potion of curing {unknown}
 g - a potion of magic {unknown}
 k - a potion of attraction {unknown}


   Skills:
 + Level 3.8 Fighting
 * Level 4.4 Axes
 + Level 0.6 Armour
 - Level 2.4 Dodging


You had one spell level left.
You didn't know any spells.
Your spell library was empty.

Dungeon Overview and Level Annotations

Branches:
Dungeon (2/15)

Altars:


Message History

You hit the jackal but do no damage. You closely miss the jackal.
You hit the jackal but do no damage. The jackal barely misses you.
The jackal closely misses you. x2; The jackal bites you.
You hit the jackal.
The jackal is almost dead.
You hit the jackal but do no damage. You closely miss the jackal.
You hit the jackal but do no damage. The jackal barely misses you.
The jackal misses you. The jackal bites you. The jackal closely misses you.
The jackal bites you. x2
You slash the jackal!
You kill the jackal!
You barely miss the jackal. You closely miss the jackal.
You hit the jackal but do no damage. The jackal bites you.
* * * LOW HITPOINT WARNING * * *
The jackal bites you.
* * * LOW HITPOINT WARNING * * *
The jackal misses you. The jackal barely misses you.
The ball python closely misses you. x2
The jackal misses you.
Sorry, you're not good enough to have a special ability.
You hit the jackal.
The jackal is heavily wounded.
You hit the jackal.
The jackal bites you but does no damage.
The jackal barely misses you. The jackal bites you.
* * * LOW HITPOINT WARNING * * *
You hit the jackal but do no damage.
The jackal is heavily wounded.
You hit the jackal. The jackal barely misses you.
The jackal closely misses you. The jackal bites you.
* * * LOW HITPOINT WARNING * * *
Okay, then.
You hit the jackal.
The jackal is severely wounded.
You barely miss the jackal. You hit the ball python. The jackal bites you.
* * * LOW HITPOINT WARNING * * *
The ball python bites you but does no damage.
The ball python barely misses you. The jackal closely misses you.
The jackal bites you.
You die...

#......##
#.........#
......###
#.........# .....##
#.........# ..####
###...<†....# ..
#...........#
#.#.........#
#######.#.........#
#....S..#.#########
###....h@##.#
.......h###.#
..........#.#
###.....#.#.#
#.....#.#.# #.....#
..# #####.. ... ...
.. ... ...


You could see 2 jackals and a ball python.

Vanquished Creatures
  A dart slug (D:2)
  A ball python (D:1)
  A jackal (D:2)
  A quokka (D:1)
  A bat (D:1)
  A frilled lizard (D:2)
  A rat (D:1)
7 creatures vanquished.

Notes
Turn   | Place    | Note
-------+----------+-------------------------------------------
     0 | D:1      | KennySheep the Hill Orc Monk began the quest for the Orb.
     0 | D:1      | Reached XP level 1. HP: 19/19 MP: 1/1
   502 | D:1      | You fall into a shaft and drop 1 floor!
   535 | D:2      | Reached XP level 2. HP: 27/27 MP: 2/2
   566 | D:2      | HP: 1/27 [jackal (2)]
   566 | D:2      | Slain by a jackal

Illustrated notes

Levels and vault maps discovered:
D:1:      dpeg_arrival_orchard, layout_basic, basic_ecumenical_altar
D:2:      layout_rooms, basic_altar, chequers_serial_rivers_micro_b,
          minmay_split_cup_large, uniq_terence

Action                     || total
---------------------------++-------
  Melee: Hand axe          ||    35
 Armour: Robe              ||    30
  Dodge: Dodged            ||    44
